[Event "Czech Youth U16 Girls 2024"]
[Site "Kouty nad Desnou"]
[Date "2024.03.13"]
[Round "6.10"]
[White "Urvalkova, Ema"]
[Black "Zelenkova, Sofie"]
[Result "0-1"]
[ECO "B01"]
[WhiteElo "1496"]
[BlackElo "1636"]
[Annotator "NA"]
[PlyCount "132"]
[EventDate "2024.03.10"]
[EventType "swiss"]
[EventCountry "CZE"]
[SourceTitle "playchess.com"]
[Source "ChessBase"]
[SourceQuality "1"]
[TimeControl "40/5400+30:1800+30"]

1. e4 d5 2. exd5 Qxd5 3. Nc3 Qa5 4. d4 Nf6 5. Bd2 c6 6. Nf3 Bf5 7. Bc4 Qc7 8. Ne5 e6 9. g4 Bg6 10. Qe2 Nbd7 11. h4 Bb4 12. f3 Nxe5 13. dxe5 Nd7 14. f4 h5 15. O-O-O O-O-O 16. f5 exf5 17. gxf5 Bxf5 18. Qf2 Bg4 19. Rde1 Nxe5 20. Bf4 f6 21. Bxe5 fxe5 22. Qxa7 Bxc3 23. bxc3 Rhe8 24. Rhg1 b5 25. Qa6+ Qb7 26. Qxb7+ Kxb7 27. Bf7 Re7 28. Bg6 Kb6 29. Re3 Re6 30. Be4 g6 31. Rge1 Rde8 32. Kb2 Kc5 33. Kb3 Bf5 34. Bf3 e4 35. Bg2 Re5 36. a3 Be6+ 37. Kb2 Bd5 38. Bh3 Rf8 39. Rg1 Rf4 40. Rxg6 Rxh4 41. Rh6 Rf4 42. Bg2 Rg5 43. Bh1 Rh4 44. Re1 Rg3 45. c4 Kxc4 46. Rf6 e3 47. Bxd5+ cxd5 48. Rc6+ Kd4 49. Rd1+ Ke5 50. Rc8 Re4 51. Re8+ Kf4 52. Rf1+ Kg4 53. Rg8+ Kh4 54. Rh8 e2 55. Re1 Rf3 56. Rh1+ Kg3 57. Rg8+ Kf2 58. Rh2+ Ke1 59. Rg1+ Rf1 60. Rgg2 Kd1 61. Rxe2 Rxe2 62. Rxh5 Rxc2+ 63. Kb3 Rf3+ 64. Kb4 Rb2+ 65. Kc5 Rxa3 66. Rxd5+ Kc2 0-1

[Event "Czech Youth U16 Girls 2024"]
[Site "Kouty nad Desnou"]
[Date "2024.03.14"]
[Round "7.1"]
[White "Dobsa, Emma"]
[Black "Kavanova, Anezka"]
[Result "1-0"]
[ECO "B38"]
[WhiteElo "1750"]
[BlackElo "1661"]
[Annotator "NA RC"]
[PlyCount "57"]
[EventDate "2024.03.10"]
[EventType "swiss"]
[EventCountry "CZE"]
[SourceTitle "playchess.com"]
[Source "ChessBase"]
[SourceQuality "1"]
[TimeControl "40/5400+30:1800+30"]

1. e4 c5 2. Nf3 Nc6 3. d4 cxd4 4. Nxd4 g6 5. c4 Bg7 6. Be3 Qb6 7. Nb5 Qa5+ 8. N1c3 Qd8 9. Nd4 d6 10. f3 Bd7 11. Qd2 Nf6 12. Be2 O-O 13. O-O-O Qa5 14. g4 Rac8 15. Kb1 Ne5 16. b3 a6 17. g5 Nh5 18. Nd5 Qd8 19. Rhg1 Nc6 20. f4 b5 21. cxb5 axb5 22. Bxh5 gxh5 23. f5 e5 24. Nxc6 Bxc6 25. f6 Bxd5 26. Qxd5 Bh8 27. g6 Bxf6 28. gxf7+ Kh8 29. Bh6 1-0

[Event "Czech Youth U16 Girls 2024"]
[Site "Kouty nad Desnou"]
[Date "2024.03.14"]
[Round "7.2"]
[White "Zadrapova, Amalie"]
[Black "Dominikova, Denisa"]
[Result "1-0"]
[ECO "C96"]
[WhiteElo "1857"]
[BlackElo "1716"]
[Annotator "NA RC"]
[PlyCount "99"]
[EventDate "2024.03.10"]
[EventType "swiss"]
[EventCountry "CZE"]
[SourceTitle "playchess.com"]
[Source "ChessBase"]
[SourceQuality "1"]
[TimeControl "40/5400+30:1800+30"]

1. e4 e5 2. Nf3 Nc6 3. Bb5 a6 4. Ba4 Nf6 5. O-O Be7 6. Re1 b5 7. Bb3 d6 8. c3 O-O 9. h3 Na5 10. Bc2 c5 11. d4 Nc6 12. dxc5 dxc5 13. Nbd2 {[%emt 0:00:42] C96: Closed Ruy Lopez: Chigorin Defence: 11 d4, replies other than 11...Qc7.} Re8 14. Qe2 Bf8 15. Nf1 Nb8 16. Bg5 Nbd7 17. Rad1 Qc7 18. Ne3 g6 19. Nd5 Nxd5 20. exd5 Bb7 21. h4 f6 22. Bc1 e4 23. Nh2 f5 24. b3 Bd6 25. Nf1 Qd8 26. Bg5 Qa5 27. c4 bxc4 28. bxc4 Qxa2 $2 (28... Rab8 $11 {and Black has nothing to worry.}) 29. Ra1 Qb2 30. Rab1 Qc3 31. Rxb7 Ne5 32. Rc1 Qa3 33. Rb3 Qa2 34. Bd1 Qa5 35. Rcb1 Nd3 36. Bd2 Qd8 37. Bc2 Qxh4 38. Bxd3 exd3 39. Qxd3 Qe7 40. Rb7 Qh4 41. Bc3 Re7 42. Rxe7 Qxe7 43. Re1 Qd7 44. Bb2 Bf8 45. Nd2 Ra7 46. Nf3 Qd8 $18 47. Re6 a5 48. d6 a4 49. Qd5 Rf7 50. Ne5 1-0

[Event "Czech Youth U16 Girls 2024"]
[Site "Kouty nad Desnou"]
[Date "2024.03.14"]
[Round "7.3"]
[White "Sikorova, Jana"]
[Black "Cinkova, Vicky"]
[Result "1/2-1/2"]
[ECO "A57"]
[WhiteElo "1788"]
[BlackElo "1682"]
[Annotator "NA RC"]
[PlyCount "121"]
[EventDate "2024.03.10"]
[EventType "swiss"]
[EventCountry "CZE"]
[SourceTitle "playchess.com"]
[Source "ChessBase"]
[SourceQuality "1"]
[TimeControl "40/5400+30:1800+30"]

1. d4 Nf6 2. c4 c5 3. d5 b5 4. e3 Bb7 5. Nf3 g6 6. Be2 bxc4 7. Bxc4 Bg7 8. Nc3 O-O 9. O-O Ba6 10. Qe2 Bxc4 11. Qxc4 d6 12. Rb1 Nbd7 13. b3 Qc7 14. Ne4 Nxe4 15. Qxe4 Nf6 16. Qd3 Rab8 17. Bb2 Qa5 18. Ra1 Rfc8 19. Nd2 Qb4 20. Nc4 Nd7 21. Bxg7 Kxg7 22. Qe4 Re8 23. Rfc1 Nb6 24. g3 Nxc4 25. Rxc4 Qa5 26. Ra4 Qc3 27. Rd1 Rb4 28. Rxb4 cxb4 29. Qd4+ Qxd4 30. Rxd4 Rb8 31. Kf1 f5 32. Ke2 a5 33. f3 Rc8 34. Kd2 Kf6 35. f4 Rc5 36. Rd3 Kf7 37. Rd4 Ke8 38. Kd3 Rc3+ 39. Kd2 Kd7 40. e4 Kc7 41. e5 Kb6 42. exd6 exd6 43. Kd1 Kb5 44. Rd2 a4 45. bxa4+ Kxa4 46. Ke2 Kb5 47. Rb2 Kc5 48. Rd2 Rc4 49. Ke3 Re4+ 50. Kf3 Rd4 51. Rc2+ Kxd5 52. Ke3 Rc4 53. Rb2 Rc3+ 54. Kd2 Kc4 55. Rb1 Ra3 56. Rc1+ Kd4 57. Rc2 Rd3+ 58. Ke2 d5 59. Rb2 Re3+ 60. Kd2 Rd3+ 61. Ke2 1/2-1/2

[Event "Czech Youth U16 Girls 2024"]
[Site "Kouty nad Desnou"]
[Date "2024.03.14"]
[Round "7.4"]
[White "Brezikova, Beata"]
[Black "Kaplanova, Dominika"]
[Result "1/2-1/2"]
[ECO "B10"]
[WhiteElo "1804"]
[BlackElo "1837"]
[Annotator "NA RC"]
[PlyCount "95"]
[EventDate "2024.03.10"]
[EventType "swiss"]
[EventCountry "CZE"]
[SourceTitle "playchess.com"]
[Source "ChessBase"]
[SourceQuality "1"]
[TimeControl "40/5400+30:1800+30"]

1. e4 c6 2. c4 d5 3. exd5 cxd5 4. cxd5 Nf6 5. Nc3 Nxd5 6. Nf3 e6 7. d4 Be7 8. Bd3 Nc6 9. a3 {[%emt 0:02:29] D42: Queen's Gambit Declined: Semi-Tarrasch: 5 cxd5 Nxd5 6 e3 Nc6 7 Bd3 .} Bf6 10. Bc2 Nde7 11. Ne2 b6 12. O-O Ba6 13. Bd3 Bxd3 14. Qxd3 O-O 15. Rd1 Nd5 16. Bd2 Nce7 17. Ng3 g6 18. Ne4 Bg7 19. Ne5 Nf5 20. Nf3 Nd6 21. Ng3 Rc8 22. Ne5 Nf5 23. Ne2 Qd6 24. Nc4 Qe7 25. Ne5 Rfd8 26. Rac1 Rxc1 27. Bxc1 Qd6 28. Nc4 Qc7 29. b3 Rc8 (29... Nxd4 $17 30. Nxd4 Ne7) 30. a4 Nd6 31. Ne5 Qc2 32. h3 Qxd3 33. Rxd3 Rc2 34. Rd2 Rxd2 35. Bxd2 Ne4 36. Be1 Bxe5 37. dxe5 Nc5 38. Nc1 Nf4 (38... Kf8 $15) 39. h4 (39. Bd2 $11 {keeps the balance.} Nd5 40. g3) 39... Nfd3 40. Nxd3 Nxd3 41. Bc3 Nc1 42. Kf1 Nxb3 43. Ke2 a5 ({Black should try} 43... Nc5 $17 44. a5 bxa5) 44. Kd3 Nc5+ 45. Kc4 Nxa4 46. Bd4 Nc5 47. Kb5 $19 (47. Bxc5 $11 {and White has nothing to worry.} bxc5 48. Kxc5) 47... Nb3 48. Bxb6 1/2-1/2

[Event "Czech Youth U16 Girls 2024"]
[Site "Kouty nad Desnou"]
[Date "2024.03.14"]
[Round "7.5"]
[White "Lackova, Ludmila"]
[Black "Dorazilova, Kristyna"]
[Result "1/2-1/2"]
[ECO "E21"]
[WhiteElo "1652"]
[BlackElo "1722"]
[Annotator "NA RC"]
[PlyCount "94"]
[EventDate "2024.03.10"]
[EventType "swiss"]
[EventCountry "CZE"]
[SourceTitle "playchess.com"]
[Source "ChessBase"]
[SourceQuality "1"]
[TimeControl "40/5400+30:1800+30"]

1. d4 Nf6 2. c4 e6 3. Nc3 b6 4. Nf3 Bb7 5. e3 d5 6. a3 c5 7. dxc5 Bxc5 8. cxd5 Nxd5 9. Bb5+ Bc6 10. Bxc6+ Nxc6 11. Nxd5 exd5 12. b4 Be7 13. Bb2 Bf6 14. Bxf6 Qxf6 15. O-O Rd8 16. Rc1 O-O 17. Qe2 Rfe8 18. Qb5 Ne5 19. Nxe5 Rxe5 20. Rc6 Qh4 21. Rfc1 g6 22. Qd3 Rh5 23. h3 Rf5 24. Qe2 Qe7 25. Rc7 Rd7 26. Rxd7 Qxd7 27. Qc2 d4 28. Qc8+ Qxc8 29. Rxc8+ Kg7 30. exd4 Rd5 31. Rc4 Rd7 32. f3 Kf6 33. Kf2 Ke6 34. Ke3 Kd5 35. Kd3 Re7 36. Rc8 Rd7 37. Re8 f6 38. g4 Rc7 39. Rd8+ Ke6 40. d5+ Ke5 41. d6 Rc6 42. d7 Kf4 43. Ke2 Rd6 44. h4 Kg3 45. h5 gxh5 46. gxh5 Kf4 47. h6 f5 1/2-1/2

[Event "Czech Youth U16 Girls 2024"]
[Site "Kouty nad Desnou"]
[Date "2024.03.14"]
[Round "7.6"]
[White "Mikesova, Lenka"]
[Black "Vacekova, Anita"]
[Result "0-1"]
[ECO "C50"]
[WhiteElo "1665"]
[BlackElo "1783"]
[Annotator "NA RC"]
[PlyCount "48"]
[EventDate "2024.03.10"]
[EventType "swiss"]
[EventCountry "CZE"]
[SourceTitle "playchess.com"]
[Source "ChessBase"]
[SourceQuality "1"]
[TimeControl "40/5400+30:1800+30"]

1. e4 e5 2. Nf3 Nc6 3. Bc4 Nf6 4. d3 Bc5 5. c3 d6 6. O-O a6 7. Bb3 O-O 8. Re1 Ba7 9. Nbd2 Ng4 10. Re2 Kh8 11. h3 f5 12. exf5 Nxf2 13. Rxf2 Bxf2+ 14. Kxf2 Bxf5 15. Nf1 e4 16. Bg5 Qd7 17. dxe4 Bxe4 18. Bd5 Bxf3 19. Bxf3 Ne5 20. Nh2 Qb5 21. Bc1 Nd3+ 22. Ke3 Nxc1 23. Ng4 Rae8+ 24. Kd2 Qxb2+ 0-1

[Event "Czech Youth U16 Girls 2024"]
[Site "Kouty nad Desnou"]
[Date "2024.03.14"]
[Round "7.7"]
[White "Dlaskova, Eliska"]
[Black "Stavova, Marketa"]
[Result "1/2-1/2"]
[ECO "C42"]
[WhiteElo "1526"]
[BlackElo "1641"]
[Annotator "NA RC"]
[PlyCount "103"]
[EventDate "2024.03.10"]
[EventType "swiss"]
[EventCountry "CZE"]
[SourceTitle "playchess.com"]
[Source "ChessBase"]
[SourceQuality "1"]
[TimeControl "40/5400+30:1800+30"]

1. e4 e5 2. Nf3 Nf6 3. Nxe5 d6 4. Nf3 Nxe4 5. Qe2 Qe7 6. d3 Nf6 7. Nc3 Bd7 8. Bg5 Qxe2+ 9. Bxe2 Be7 10. O-O O-O 11. Nd2 Nc6 12. Nb3 Rfe8 13. Bf3 Rac8 14. Rfe1 b6 15. Re2 Ne5 16. Nd2 c5 17. Rae1 Bd8 18. Bb7 Rb8 19. f4 Rxb7 20. fxe5 dxe5 21. Nc4 Re6 22. Nxe5 h6 23. Bxf6 Rxf6 24. Nxd7 Rxd7 25. Ne4 Re6 26. a4 Rde7 27. Nc3 Rxe2 28. Rxe2 Rxe2 29. Nxe2 Bf6 30. Nc3 Kf8 31. Kf2 g5 32. g4 Be5 33. h3 Ke7 34. Nd5+ Ke6 35. Nc3 Bxc3 36. bxc3 a5 37. c4 f5 38. gxf5+ Kxf5 39. Kf3 h5 40. c3 Ke5 41. Ke3 g4 42. d4+ cxd4+ 43. cxd4+ Kf5 44. hxg4+ hxg4 45. c5 bxc5 46. dxc5 Ke5 47. c6 Kd6 48. Kf4 Kxc6 49. Kxg4 Kc5 50. Kf3 Kb4 51. Ke2 Kxa4 52. Kd1 1/2-1/2

[Event "Czech Youth U16 Girls 2024"]
[Site "Kouty nad Desnou"]
[Date "2024.03.14"]
[Round "7.8"]
[White "Dudkova, Josefina"]
[Black "Holatova, Irena"]
[Result "1-0"]
[ECO "D05"]
[WhiteElo "1796"]
[BlackElo "1608"]
[Annotator "NA RC"]
[PlyCount "109"]
[EventDate "2024.03.10"]
[EventType "swiss"]
[EventCountry "CZE"]
[SourceTitle "playchess.com"]
[Source "ChessBase"]
[SourceQuality "1"]
[TimeControl "40/5400+30:1800+30"]

1. d4 d5 2. Nf3 Nf6 3. e3 e6 4. Bd3 c5 5. b3 Bd6 6. Bb2 Nc6 7. Nbd2 O-O 8. O-O b6 9. a3 Bb7 10. Ne5 Ne7 11. f4 Ne4 12. Nxe4 dxe4 13. Bc4 Bd5 14. Bxd5 exd5 15. Qg4 Qc8 16. Nd7 f5 17. Qg3 Qxd7 18. dxc5 Ng6 19. cxd6 Qxd6 20. h4 Rf7 21. Rfd1 Ne7 22. c4 Qe6 23. Rac1 Rd8 24. b4 Qg6 25. Qf2 Rc8 26. cxd5 Rxc1 27. Bxc1 Nc8 28. Qc2 Nd6 29. Qc6 Rf8 30. Bb2 Rc8 31. Qd7 Rc2 32. Qe6+ Kf8 33. Qxg6 hxg6 34. Be5 Ke7 35. Bxg7 Re2 36. Rc1 Rxe3 37. Rc7+ Kd8 38. Rc6 Ne8 39. Rxg6 Rxa3 40. h5 e3 41. Kf1 Nxg7 42. Rxg7 Ra1+ 43. Ke2 Rh1 44. Rg5 a5 45. bxa5 bxa5 46. Rxf5 a4 47. Rf8+ Ke7 48. Ra8 Rxh5 49. Kxe3 Rxd5 50. Rxa4 Rh5 51. g4 Rh4 52. g5 Kf7 53. Ke4 Kg6 54. Ra6+ Kh5 55. Rh6+ 1-0

[Event "Czech Youth U16 Girls 2024"]
[Site "Kouty nad Desnou"]
[Date "2024.03.14"]
[Round "7.9"]
[White "Archlebova, Stela"]
[Black "Zelenkova, Sofie"]
[Result "1-0"]
[ECO "B01"]
[WhiteElo "1600"]
[BlackElo "1636"]
[Annotator "NA RC"]
[PlyCount "81"]
[EventDate "2024.03.10"]
[EventType "swiss"]
[EventCountry "CZE"]
[SourceTitle "playchess.com"]
[Source "ChessBase"]
[SourceQuality "1"]
[TimeControl "40/5400+30:1800+30"]

1. e4 d5 2. exd5 Qxd5 3. Nc3 Qa5 4. d4 c6 5. Nf3 Nf6 6. Bd2 Bg4 7. Be2 e6 8. a3 Nbd7 9. O-O Bd6 10. Nb5 Bxh2+ 11. Kxh2 Qd8 12. Nc3 h5 13. Rh1 Qb6 14. Be3 h4 15. Kg1 h3 16. g3 Nd5 17. Nxd5 cxd5 18. Rb1 f6 19. Nh4 Bxe2 20. Qxe2 g5 21. Nf3 g4 22. Nh4 f5 23. Qd3 O-O-O 24. Bf4 Qc6 25. Rc1 b5 26. b3 Kb7 27. Ng6 Rh7 28. f3 Rg8 29. Ne5 Nxe5 30. Bxe5 gxf3 31. Qxf3 Rg6 32. Rh2 a6 33. Kh1 Kb6 34. c3 Qc8 35. Qf1 Rgh6 36. c4 dxc4 37. bxc4 Qc6+ 38. Kg1 Qe4 39. Qf2 bxc4 40. Qb2+ Ka7 41. Qb8# 1-0

[Event "Czech Youth U16 Girls 2024"]
[Site "Kouty nad Desnou"]
[Date "2024.03.14"]
[Round "7.10"]
[White "Hetfleischova, Elen"]
[Black "Janouskova, Adela"]
[Result "1-0"]
[ECO "A80"]
[WhiteElo "1699"]
[BlackElo "1684"]
[Annotator "NA RC"]
[PlyCount "69"]
[EventDate "2024.03.10"]
[EventType "swiss"]
[EventCountry "CZE"]
[SourceTitle "playchess.com"]
[Source "ChessBase"]
[SourceQuality "1"]
[TimeControl "40/5400+30:1800+30"]

1. d4 f5 2. Nc3 e6 3. Nf3 Nf6 4. Bf4 d6 5. e3 Be7 6. Bd3 O-O 7. Qe2 c6 8. O-O-O b5 9. h3 Qa5 10. a3 b4 11. axb4 Qxb4 12. g4 a5 13. gxf5 a4 14. Na2 Qb6 15. h4 Na6 16. Qd2 Rb8 17. c3 Qb3 18. Nb4 Nxb4 19. cxb4 Nd5 20. Bc2 Qa2 21. f6 Rxf6 22. Qd3 g6 23. Qa3 Qc4 24. Nd2 Qxb4 25. Ne4 Rf8 26. Bh6 Rd8 27. h5 Qb6 28. hxg6 hxg6 29. Rdg1 Nb4 30. Rxg6+ Kf7 31. Rg7+ Ke8 32. Bg5 Rd7 33. Rh8+ Bf8 34. Nf6+ Kd8 35. Nd5+ 1-0

[Event "Czech Youth U16 Girls 2024"]
[Site "Kouty nad Desnou"]
[Date "2024.03.15"]
[Round "8.1"]
[White "Kaplanova, Dominika"]
[Black "Dobsa, Emma"]
[Result "0-1"]
[ECO "C26"]
[WhiteElo "1837"]
[BlackElo "1750"]
[Annotator "NA COMBH"]
[PlyCount "101"]
[EventDate "2024.03.10"]
[EventType "swiss"]
[EventCountry "CZE"]
[SourceTitle "playchess.com"]
[Source "ChessBase"]
[SourceQuality "1"]
[TimeControl "40/5400+30:1800+30"]

1. e4 e5 2. Nc3 Nf6 3. d4 exd4 4. Qxd4 Nc6 5. Qd3 Bc5 6. Bf4 O-O 7. O-O-O Re8 8. Nf3 d6 9. Bg5 Be6 10. a3 Bxf2 11. Qb5 h6 12. Bxf6 Be3+ 13. Nd2 Qxf6 14. Qd3 Bd4 15. Nb3 Bxc3 16. bxc3 Ne5 17. Qd4 Ng4 18. Qxf6 Nxf6 19. Nd2 Bg4 20. Re1 Re7 21. Bd3 Rae8 22. Rhf1 d5 23. Rf4 Bh5 24. c4 c6 25. cxd5 cxd5 26. Bb5 Rc8 27. e5 a6 28. Ba4 b5 29. Bb3 Rce8 30. a4 Rxe5 31. Rxe5 Rxe5 32. axb5 axb5 33. Nf3 Re2 34. Nd4 Rxg2 35. h4 Be2 36. Rf5 Bc4 37. Nc6 Rg4 38. h5 Rg5 39. Rxg5 hxg5 40. Kd2 Kh7 41. Ne5 Ne4+ 42. Ke3 f5 43. Bxc4 dxc4 44. Nf7 b4 45. Kd4 b3 46. cxb3 cxb3 47. Kd3 g4 48. Ne5 Kh6 49. Nc4 g3 50. Ke3 g2 51. Kd4 0-1

[Event "Czech Youth U16 Girls 2024"]
[Site "Kouty nad Desnou"]
[Date "2024.03.15"]
[Round "8.2"]
[White "Sikorova, Jana"]
[Black "Zadrapova, Amalie"]
[Result "0-1"]
[ECO "E61"]
[WhiteElo "1788"]
[BlackElo "1857"]
[Annotator "NA COMBH"]
[PlyCount "62"]
[EventDate "2024.03.10"]
[EventType "swiss"]
[EventCountry "CZE"]
[SourceTitle "playchess.com"]
[Source "ChessBase"]
[SourceQuality "1"]
[TimeControl "40/5400+30:1800+30"]

1. d4 Nf6 2. c4 g6 3. Nc3 Bg7 4. Nf3 O-O 5. Bg5 d6 6. e3 Nbd7 7. Be2 h6 8. Bh4 e5 9. O-O g5 10. Bg3 exd4 11. Nxd4 Nc5 12. Qc2 a5 13. Rfd1 Re8 14. Rac1 Nfe4 15. Nxe4 Nxe4 16. Bf3 f5 17. c5 Bxd4 18. exd4 Nf6 19. cxd6 cxd6 20. h3 Re7 21. Re1 Rg7 22. Qb3+ Kh8 23. Rc3 f4 24. Bh2 Bf5 25. Bd5 a4 26. Qc4 b5 27. Qc6 Rb8 28. Be6 Re7 29. d5 Be4 30. Rxe4 Nxe4 31. Rc1 Nc5 0-1

[Event "Czech Youth U16 Girls 2024"]
[Site "Kouty nad Desnou"]
[Date "2024.03.15"]
[Round "8.3"]
[White "Cinkova, Vicky"]
[Black "Lackova, Ludmila"]
[Result "0-1"]
[ECO "A20"]
[WhiteElo "1682"]
[BlackElo "1652"]
[Annotator "NA COMBH"]
[PlyCount "56"]
[EventDate "2024.03.10"]
[EventType "swiss"]
[EventCountry "CZE"]
[SourceTitle "playchess.com"]
[Source "ChessBase"]
[SourceQuality "1"]
[TimeControl "40/5400+30:1800+30"]

1. c4 e5 2. g3 Nf6 3. Bg2 Nc6 4. Nc3 g6 5. d3 Bg7 6. Bd2 O-O 7. Nf3 d6 8. O-O h6 9. a3 a5 10. h3 Nh5 11. e3 f5 12. Qc1 g5 13. Ne2 Ne7 14. Ne1 Ng6 15. Bf3 Nf6 16. Bg2 Nh5 17. Kh2 f4 18. exf4 exf4 19. Bc3 fxg3+ 20. fxg3 Rxf1 21. Bxf1 Qf8 22. Bg2 Qf2 23. Ng1 Qxg3+ 24. Kh1 Qf4 25. Qxf4 Nhxf4 26. Bxg7 Kxg7 27. Bf1 b6 28. d4 Bf5 0-1

[Event "Czech Youth U16 Girls 2024"]
[Site "Kouty nad Desnou"]
[Date "2024.03.15"]
[Round "8.4"]
[White "Dominikova, Denisa"]
[Black "Brezikova, Beata"]
[Result "1/2-1/2"]
[ECO "C70"]
[WhiteElo "1716"]
[BlackElo "1804"]
[Annotator "NA COMBH"]
[PlyCount "65"]
[EventDate "2024.03.10"]
[EventType "swiss"]
[EventCountry "CZE"]
[SourceTitle "playchess.com"]
[Source "ChessBase"]
[SourceQuality "1"]
[TimeControl "40/5400+30:1800+30"]

1. e4 e5 2. Nf3 Nc6 3. Bb5 a6 4. Ba4 Nge7 5. d4 exd4 6. Nxd4 Nxd4 7. Qxd4 Nc6 8. Qd3 Be7 9. Nc3 O-O 10. Be3 Ne5 11. Qe2 b5 12. Bb3 c5 13. Bd5 Rb8 14. O-O d6 15. Bf4 Ng6 16. Bg3 Bd7 17. Nd1 Ne5 18. Ne3 Qc8 19. f3 Be6 20. Rfd1 Re8 21. b3 Bf8 22. c4 bxc4 23. Bxe5 dxe5 24. Nxc4 Bd7 25. Rac1 Bb5 26. Qc2 Qc7 27. Ne3 a5 28. Bc4 Bc6 29. Nd5 Qa7 30. Kh1 a4 31. Qc3 axb3 32. axb3 Rbd8 33. Ra1 1/2-1/2

[Event "Czech Youth U16 Girls 2024"]
[Site "Kouty nad Desnou"]
[Date "2024.03.15"]
[Round "8.5"]
[White "Vacekova, Anita"]
[Black "Dorazilova, Kristyna"]
[Result "0-1"]
[ECO "B12"]
[WhiteElo "1783"]
[BlackElo "1722"]
[Annotator "NA COMBH"]
[PlyCount "42"]
[EventDate "2024.03.10"]
[EventType "swiss"]
[EventCountry "CZE"]
[SourceTitle "playchess.com"]
[Source "ChessBase"]
[SourceQuality "1"]
[TimeControl "40/5400+30:1800+30"]

1. e4 c6 2. d4 d5 3. e5 Bf5 4. h4 h5 5. Nf3 e6 6. Bg5 Qc7 7. Bd3 Bxd3 8. Qxd3 Nd7 9. Nbd2 c5 10. c3 c4 11. Qe2 Be7 12. O-O Bxg5 13. Nxg5 Ne7 14. Rfb1 Nf5 15. g3 g6 16. Nf1 b5 17. Ne3 Ke7 18. a4 a6 19. Nxd5+ exd5 20. e6 Nxg3 21. exd7+ Nxe2+ 0-1

[Event "Czech Youth U16 Girls 2024"]
[Site "Kouty nad Desnou"]
[Date "2024.03.15"]
[Round "8.6"]
[White "Kavanova, Anezka"]
[Black "Mikesova, Lenka"]
[Result "1-0"]
[ECO "C63"]
[WhiteElo "1661"]
[BlackElo "1665"]
[Annotator "NA COMBH"]
[PlyCount "85"]
[EventDate "2024.03.10"]
[EventType "swiss"]
[EventCountry "CZE"]
[SourceTitle "playchess.com"]
[Source "ChessBase"]
[SourceQuality "1"]
[TimeControl "40/5400+30:1800+30"]

1. e4 e5 2. Nf3 Nc6 3. Bb5 f5 4. Nc3 fxe4 5. Nxe4 Nf6 6. Nxf6+ Qxf6 7. Qe2 Bc5 8. Bxc6 dxc6 9. d4 Be7 10. Nxe5 O-O 11. O-O Bf5 12. f4 Rad8 13. Be3 Bd6 14. Rad1 Kh8 15. b3 Bxe5 16. dxe5 Qg6 17. Rxd8 Rxd8 18. Rd1 Re8 19. Rd2 h6 20. Bf2 Be4 21. Bg3 Qf5 22. c4 c5 23. Qd1 Bc6 24. h3 Kh7 25. Re2 Kh8 26. Qc2 Qxc2 27. Rxc2 Kg8 28. Rd2 Kf7 29. Bf2 b6 30. Bh4 g5 31. fxg5 hxg5 32. Bxg5 Rxe5 33. Bd8 b5 34. cxb5 Bxb5 35. Bxc7 Re1+ 36. Kh2 c4 37. Bg3 Rb1 38. a4 Ba6 39. Rd7+ Ke8 40. Rxa7 c3 41. Rxa6 c2 42. Bf4 c1=Q 43. Bxc1 1-0

[Event "Czech Youth U16 Girls 2024"]
[Site "Kouty nad Desnou"]
[Date "2024.03.15"]
[Round "8.7"]
[White "Dlaskova, Eliska"]
[Black "Dudkova, Josefina"]
[Result "0-1"]
[ECO "B01"]
[WhiteElo "1526"]
[BlackElo "1796"]
[Annotator "NA COMBH"]
[PlyCount "90"]
[EventDate "2024.03.10"]
[EventType "swiss"]
[EventCountry "CZE"]
[SourceTitle "playchess.com"]
[Source "ChessBase"]
[SourceQuality "1"]
[TimeControl "40/5400+30:1800+30"]

1. e4 d5 2. exd5 Qxd5 3. Nc3 Qd6 4. Nf3 Nf6 5. d4 Bg4 6. h3 Bxf3 7. Qxf3 c6 8. Be3 e6 9. Be2 Be7 10. O-O O-O 11. Rad1 Qb4 12. Rb1 Nbd7 13. a3 Qa5 14. Qg3 Rfe8 15. Qg5 Nd5 16. Qg3 Nxc3 17. bxc3 b6 18. Rb3 Nf6 19. Qe5 Qxe5 20. dxe5 Nd5 21. c4 Nxe3 22. Rxe3 Bc5 23. Rg3 Bd4 24. Rd3 Bxe5 25. f4 Bf6 26. Bf3 Rac8 27. Rd7 Re7 28. Rfd1 Rxd7 29. Rxd7 a5 30. Rd6 Be7 31. Rd3 b5 32. Rc3 b4 33. axb4 Bxb4 34. Rb3 Bc5+ 35. Kf1 a4 36. Rb2 a3 37. Ra2 Rb8 38. Be4 f5 39. Bd3 Rb1+ 40. Ke2 h6 41. Kf3 g5 42. g4 Rh1 43. Kg2 Rg1+ 44. Kh2 fxg4 45. Rxa3 g3# 0-1

[Event "Czech Youth U16 Girls 2024"]
[Site "Kouty nad Desnou"]
[Date "2024.03.15"]
[Round "8.8"]
[White "Hetfleischova, Elen"]
[Black "Archlebova, Stela"]
[Result "1-0"]
[ECO "C31"]
[WhiteElo "1699"]
[BlackElo "1600"]
[Annotator "NA COMBH"]
[PlyCount "41"]
[EventDate "2024.03.10"]
[EventType "swiss"]
[EventCountry "CZE"]
[SourceTitle "playchess.com"]
[Source "ChessBase"]
[SourceQuality "1"]
[TimeControl "40/5400+30:1800+30"]

1. e4 e5 2. f4 d5 3. exd5 Qxd5 4. Nc3 Qd8 5. fxe5 Nc6 6. Nf3 Bg4 7. Bb5 Nge7 8. d4 a6 9. Bxc6+ Nxc6 10. Be3 Bb4 11. O-O O-O 12. Qd3 Bxc3 13. Ng5 g6 14. Qxc3 Ne7 15. Qb3 Nf5 16. Ne4 Nxe3 17. Nf6+ Kh8 18. Qxe3 Bf5 19. Qh6 Qxd4+ 20. Kh1 Qxe5 21. Qxh7# 1-0

[Event "Czech Youth U16 Girls 2024"]
[Site "Kouty nad Desnou"]
[Date "2024.03.15"]
[Round "8.9"]
[White "Stavova, Marketa"]
[Black "Janouskova, Adela"]
[Result "1-0"]
[ECO "B31"]
[WhiteElo "1641"]
[BlackElo "1684"]
[Annotator "NA COMBH"]
[PlyCount "53"]
[EventDate "2024.03.10"]
[EventType "swiss"]
[EventCountry "CZE"]
[SourceTitle "playchess.com"]
[Source "ChessBase"]
[SourceQuality "1"]
[TimeControl "40/5400+30:1800+30"]

1. e4 c5 2. Nf3 Nc6 3. Bb5 g6 4. O-O Bg7 5. Re1 e5 6. b4 cxb4 7. a3 Nge7 8. axb4 O-O 9. Bb2 d5 10. Bxc6 Nxc6 11. exd5 Qxd5 12. Nc3 Qd8 13. Ne4 Re8 14. Bc3 Qc7 15. d4 f5 16. Nc5 b6 17. Na4 e4 18. Ng5 Qd8 19. d5 Bxc3 20. Nxc3 Nxb4 21. Nh3 Qf6 22. Nb5 Re7 23. d6 Rd7 24. Qd2 Na6 25. Qd5+ Kg7 26. Qxa8 Bb7 27. Qxa7 1-0

[Event "Czech Youth U16 Girls 2024"]
[Site "Kouty nad Desnou"]
[Date "2024.03.15"]
[Round "8.10"]
[White "Souralova, Jana"]
[Black "Urvalkova, Ema"]
[Result "1-0"]
[ECO "B21"]
[WhiteElo "1597"]
[BlackElo "1496"]
[Annotator "NA COMBH"]
[PlyCount "135"]
[EventDate "2024.03.10"]
[EventType "swiss"]
[EventCountry "CZE"]
[SourceTitle "playchess.com"]
[Source "ChessBase"]
[SourceQuality "1"]
[TimeControl "40/5400+30:1800+30"]

1. e4 c5 2. d4 cxd4 3. c3 d5 4. exd5 Qxd5 5. cxd4 Nf6 6. Nc3 Qd8 7. Nf3 Bg4 8. Be2 e6 9. h3 Bh5 10. Bf4 Bb4 11. O-O O-O 12. Rc1 Nbd7 13. Qb3 Bxc3 14. bxc3 b6 15. Rfd1 h6 16. c4 Rc8 17. Qa3 a5 18. Qe3 Re8 19. g4 Bxg4 20. hxg4 Nxg4 21. Qd3 f5 22. Ne5 Ndxe5 23. Bxe5 Nxe5 24. dxe5 Qxd3 25. Rxd3 g5 26. Rd7 g4 27. Rcd1 Rc5 28. f4 h5 29. Rb7 Rc6 30. Rd6 Rec8 31. Rxb6 Rxb6 32. Rxb6 Kf7 33. Bd1 Rxc4 34. Bb3 Rxf4 35. Rxe6 a4 36. Rf6+ Kg7 37. Bc2 h4 38. Bxf5 a3 39. Rg6+ Kf7 40. e6+ Ke7 41. Rg7+ Kf8 42. Rf7+ Ke8 43. Bg6 Rxf7 44. Bxf7+ Ke7 45. Kg2 g3 46. Kh3 Kf6 47. Bh5 Kxe6 48. Bf3 Ke5 49. Kxh4 Kd4 50. Kxg3 Kd3 51. Bd5 Ke3 52. Bg8 Kd3 53. Kf3 Kd2 54. Ke4 Kc3 55. Ke3 Kb4 56. Kd4 Kb5 57. Kc3 Ka4 58. Kc4 Ka5 59. Kb3 Ka6 60. Kxa3 Ka5 61. Bc4 Kb6 62. Kb4 Kb7 63. Kb5 Ka7 64. a4 Kb7 65. a5 Ka7 66. a6 Ka8 67. Kb6 Kb8 68. a7+ 1-0